 Dungeon Crawl Stone Soup version 0.23.2-40-g277498a001 (webtiles) character file.

Game seed: 8159073815776830202

2275 H0rd4k the Slicer (level 9, -2/66 HPs)
             Began as a Human Artificer on Oct 16, 2019.
             Was an Initiate of Gozag.
             Slain by a red ugly thing (19 damage)
             ... on level 8 of the Dungeon.
             The game lasted 00:15:17 (7715 turns).

H0rd4k the Slicer (Human Artificer)                 Turns: 7715, Time: 00:15:18

Health: -2/66      AC:  5    Str: 21    XL:     9   Next: 65%
Magic:  10/10      EV: 22    Int: 16    God:    Gozag
Gold:   534        SH:  0    Dex: 19    Spells: 8/8 levels left

rFire    . . .     SeeInvis .   a - +2 rapier (freeze)
rCold    . . .     Gourm    .   (no shield)
rNeg     . . .     Faith    .   u - +0 leather armour {rPois}
rPois    +         Spirit   .   k - +1 hat
rElec    .         Reflect  .   (no cloak)
rCorr    .         Harm     .   (no gloves)
MR       +....                  h - +0 pair of boots
Stlth    +++++.....             (no amulet)
HPRegen  0.21/turn              B - ring of stealth
MPRegen  0.12/turn              w - ring of protection from magic

@: mighty, brilliant, agile
A: antennae 1, repulsion field 1, low mp 1
a: Potion Petition, Call Merchant, Bribe Branch, Renounce Religion


You were on level 8 of the Dungeon.
You worshipped Gozag.
Gozag was pleased with you.
You were very hungry.

You visited 1 branch of the dungeon, and saw 8 of its levels.

You collected 591 gold pieces.
You paid 57 gold pieces to Gozag.

Inventory:

Hand Weapons
 a - a +2 rapier of freezing (weapon)
 o - a +1 war axe of chopping
 D - a +3 dagger of draining
 E - a +0 hunting sling of freezing
Missiles
 p - 42 sling bullets
 F - 4 tomahawks (quivered)
Armour
 h - a +0 pair of boots (worn)
 k - a +1 hat (worn)
 u - a +0 leather armour of poison resistance (worn)
Jewellery
 w - a ring of protection from magic (right hand)
 y - an uncursed ring of protection from magic
 B - a ring of stealth (left hand)
 C - an uncursed ring of see invisible
Wands
 c - a wand of flame (26)
 d - a wand of enslavement (10)
 e - a wand of random effects (21)
 t - a wand of iceblast (7)
Scrolls
 g - 2 scrolls of noise
 j - 3 scrolls of identify
 l - 2 scrolls of fear
 n - 2 scrolls of enchant armour
 r - 2 scrolls of immolation
 s - a scroll of remove curse
 x - 2 scrolls of amnesia
Potions
 m - a potion of mutation
 q - 2 potions of curing
 v - a potion of brilliance
 z - a potion of cancellation
 A - 2 potions of haste
Comestibles
 f - 10 rations


   Skills:
 + Level 4.3 Fighting
 + Level 8.0 Short Blades
 + Level 2.3 Axes
 + Level 3.7 Armour
 + Level 4.5 Dodging
 + Level 4.7 Stealth
 + Level 3.8 Evocations


You had 8 spell levels left.
You didn't know any spells.
Your spell library was empty.

Dungeon Overview and Level Annotations

Branches:
Dungeon (8/15)             Temple (0/1) D:7
   Lair: D:8-11

Altars:
Dithmenos
Elyvilon
Fedhas
Gozag
Nemelex Xobeh
Okawaru
Ru
Sif Muna
Trog
Yredelemnul
Zin
The Shining One

Shops:
D:5 [((:   D:7 :

Annotations:
D:3 exclusion: 2 downstairs
D:8 3 runed translucent doors, Harold


Innate Abilities, Weirdness & Mutations

You have a pair of small antennae on your head.
You are surrounded by a mild repulsion field. (EV +2)
Your magical capacity is low. (-10% MP)


Message History

The green ugly thing seems to regain its courage.
The red ugly thing completely misses you.
You puncture the red ugly thing! You freeze the red ugly thing.
The red ugly thing is moderately wounded.
The red ugly thing misses you.
You closely miss the red ugly thing.
The red ugly thing is moderately wounded.
The red ugly thing misses you.
You closely miss the red ugly thing.
The red ugly thing is moderately wounded.
You puncture the red ugly thing! You freeze the red ugly thing.
The red ugly thing is heavily wounded.
The red ugly thing gores you.
You are engulfed in flames!!
You impale the red ugly thing!! You freeze the red ugly thing.
The red ugly thing is almost dead.
The red ugly thing gores you.
* * * LOW HITPOINT WARNING * * *
You are engulfed in flames!!
You die...
Your body crumbles into a pile of gold.

.##.....##..#
###....###.##
#.#### #.#
###.######.#
......##...#
.##.#.##.#.####
................
.#..##############
.#..# .#######@#
.#.## ...|§F9u§#
...# ##§.#aO###
#.###.#####§#u###
..###+#####§§l###
.###.5Z#####.## .#
#.sc#####.## ##
#ZsZ#####.# ##
+YF.+.###.#


You could see 2 ugly things, a two-headed ogre, a basilisk, a gargoyle, a
bullfrog and a worker ant.

Vanquished Creatures
  Eustachio (D:4)
  3 sky beasts
  A phantom (D:8)
  2 ogres (D:5)
  4 bullfrogs
  2 scorpions
  An oklob sapling (D:7)
  3 howler monkeys
  A crimson imp (D:6)
  2 quasits (D:7)
  A hound (D:3)
  2 jellies
  A bullfrog skeleton (D:7)
  3 orc priests
  An iguana (D:5)
  7 orc wizards
  Ijyb (D:3)
  Natasha (thrice) (D:4)
  8 worker ants
  A hound zombie (D:6)
  A hound skeleton (D:5)
  A worker ant zombie (D:5)
  Robin (D:4)
  A howler monkey zombie (D:6)
  7 adders
  A shadow imp (D:8)
  An ooze (D:5)
  2 worms
  2 adder skeletons
  3 dart slugs
  22 orcs
  4 bats
  4 giant cockroaches
  17 goblins
  8 hobgoblins
  12 jackals
  9 kobolds
  4 quokkas
  3 frilled lizards
  A jackal zombie (D:5)
  A quokka zombie (D:5)
  7 rats
  A plant (D:7)
161 creatures vanquished.

Vanquished Creatures (collateral kills)
  A kobold (D:8)
1 creature vanquished.

Vanquished Creatures (others)
  A sky beast (D:8)
  A big kobold (D:8)
  A hound (D:8)
3 creatures vanquished.

Grand Total: 165 creatures vanquished

Notes
Turn   | Place    | Note
-------+----------+-------------------------------------------
     0 | D:1      | H0rd4k the Human Artificer began the quest for the Orb.
     0 | D:1      | Reached XP level 1. HP: 15/15 MP: 3/3
   112 | D:1      | Reached XP level 2. HP: 21/21 MP: 4/4
   849 | D:1      | Reached XP level 3. HP: 16/26 MP: 5/5
  1554 | D:1      | Reached skill level 1 in Armour
  2047 | D:2      | Found a bloodstained altar of Trog.
  2269 | D:2      | Reached XP level 4. HP: 30/32 MP: 6/6
  2484 | D:3      | Reached skill level 2 in Short Blades
  2862 | D:3      | Gained mutation: Your magical capacity is low. (-10% MP)
                  | [potion of mutation]
  2862 | D:3      | Gained mutation: You have a pair of small antennae on your
                  | head. [potion of mutation]
  2862 | D:3      | Gained mutation: You are surrounded by a mild repulsion
                  | field. (EV +2) [potion of mutation]
  3059 | D:3      | Found a blossoming altar of Fedhas.
  3249 | D:3      | Reached XP level 5. HP: 30/37 MP: 6/6
  3498 | D:3      | Noticed Ijyb
  3517 | D:3      | Killed Ijyb
  3656 | D:5      | Entered Level 5 of the Dungeon
  3773 | D:5      | Reached skill level 1 in Axes
  3773 | D:5      | Reached XP level 6. HP: 18/44 MP: 7/7
  3971 | D:5      | Found a basalt altar of Yredelemnul.
  4083 | D:5      | Reached skill level 3 in Short Blades
  4351 | D:5      | Found Kufeys's Weapon Boutique.
  4351 | D:5      | Found Upneiss's Book Shoppe.
  4389 | D:5      | Reached XP level 7. HP: 35/50 MP: 8/8
  4829 | D:4      | Reached skill level 4 in Short Blades
  4961 | D:4      | Noticed Natasha
  4962 | D:4      | Noticed Eustachio
  4970 | D:4      | Killed Natasha
  4993 | D:4      | Noticed Natasha
  5002 | D:4      | Killed Natasha
  5021 | D:4      | Killed Eustachio
  5021 | D:4      | Reached XP level 8. HP: 29/57 MP: 9/9
  5257 | D:4      | Found an iron altar of Okawaru.
  5359 | D:4      | Reached skill level 5 in Short Blades
  5391 | D:4      | Noticed Natasha
  5394 | D:4      | Noticed Robin
  5405 | D:4      | Killed Natasha
  5408 | D:4      | Killed Robin
  5566 | D:4      | Found an opulent altar of Gozag.
  5672 | D:4      | Became a worshipper of Gozag Ym Sagoz the Greedy
  5829 | D:5      | Found a sparkling altar of Nemelex Xobeh.
  5839 | D:5      | Found a glowing golden altar of the Shining One.
  5849 | D:5      | Found a sacrificial altar of Ru.
  5867 | D:5      | Found Jatunal's Antique Weapon Boutique.
  5909 | D:5      | Found Kitoskuvu's Armour Emporium.
  6120 | D:6      | Reached skill level 6 in Short Blades
  6524 | D:6      | Reached XP level 9. HP: 65/65 MP: 10/10
  6559 | D:6      | Reached skill level 7 in Short Blades
  6817 | D:6      | Found a white marble altar of Elyvilon.
  6920 | D:7      | Found a deep blue altar of Sif Muna.
  6946 | D:7      | Found a staircase to the Ecumenical Temple.
  7023 | D:7      | Found Yrhovass's Book Boutique.
  7112 | D:7      | Found a glowing silver altar of Zin.
  7117 | D:7      | Found a bloodstained altar of Trog.
  7528 | D:8      | Found a shadowy altar of Dithmenos.
  7605 | D:8      | Noticed Harold
  7650 | D:8      | Reached skill level 8 in Short Blades
  7681 | D:8      | Found a runed translucent door.
  7681 | D:8      | Found a runed translucent door.
  7681 | D:8      | Found a runed translucent door.
  7681 | D:8      | Noticed a two-headed ogre
  7681 | D:8      | Noticed a two-headed ogre
  7691 | D:8      | Noticed a two-headed ogre
  7691 | D:8      | Noticed a white ugly thing
  7695 | D:8      | Noticed a gargoyle
  7695 | D:8      | Noticed a green ugly thing
  7715 | D:8      | Slain by a red ugly thing

Skill      XL: |  1  2  3  4  5  6  7  8  9 |
---------------+----------------------------+-----
Armour         | 1 2 3 |  3.7
Short Blades   | 2 3 4 6 8 |  8.0
Axes           | 1 2 |  2.3
Stealth        | 2 3 4 |  4.7
Fighting       | 2 3 4 |  4.3
Dodging        | 3 4 |  4.5
Evocations     | |  3.8

Action                   |  1- 3 |  4- 6 |  7- 9 || total
-------------------------+-------+-------+-------++-------
Melee: Short sword       |   181 |    39 |       ||   220
       War axe           |       |    56 |       ||    56
       Rapier            |       |    76 |   316 ||   392
Invok: Potion Petition   |       |       |     1 ||     1
Evoke: Wand              |       |       |    15 ||    15
  Use: Potion            |       |     5 |     4 ||     9
       Scroll            |       |       |    15 ||    15
 Stab: Sleeping          |     4 |     2 |    10 ||    16
       Paralysed         |       |       |     3 ||     3
       Distracted        |       |       |     3 ||     3
  Eat: Chunk             |     4 |     7 |     4 ||    15
       Ration            |       |       |     2 ||     2
Armor: Leather armour    |    51 |    34 |    59 ||   144
Dodge: Dodged            |   156 |   131 |   216 ||   503
